 Dungeon Crawl Stone Soup version 0.28.0 (webtiles) character file.

Game seed: 2003830302117639482

63788 Minsecho the Severer (level 15, 0/138 HPs)
             Began as a Hill Orc Fighter on Feb 9, 2022.
             Was a High Priest of Qazlal.
             Slain by Donald (34 damage)
             ... on level 1 of the Orcish Mines.
             The game lasted 00:48:33 (23610 turns).

Minsecho the Severer (Hill Orc Fighter)            Turns: 23610, Time: 00:48:34

Health: 0/138      AC: 18    Str: 25    XL:     15   Next: 10%
Magic:  24/24      EV: 11    Int: 11    God:    Qazlal [*****.]
Gold:   1335       SH: 17    Dex: 12    Spells: 12/14 levels left

rFire   + . .      SeeInvis +   h - +10 war axe of Beoqez {protect, rF+ Int+3}
rCold   . . .      Faith    .   c - +0 kite shield
rNeg    . . .      Spirit   .   L - +3 scale mail {rPois}
rPois   +          Reflect  .   (no helmet)
rElec   .          Harm     .   u - +0 cloak
rCorr   .          Rampage  .   (no gloves)
Will    +....                   H - +0 pair of boots
Stlth   ..........              b - amulet of regeneration
HPRegen 1.13/turn               o - ring of see invisible
MPRegen 0.19/turn               U - +4 ring of slaying

@: mighty, protected from physical damage, hasted, studying Long Blades, repel
missiles, very quick
A: no striking features
a: Renounce Religion, Upheaval, Elemental Force, Disaster Area


You were on level 1 of the Orcish Mines.
You worshipped Qazlal.
Qazlal was extremely pleased with you.
You visited 4 branches of the dungeon, and saw 21 of its levels.
You also visited: Gauntlet.

You collected 1486 gold pieces.
You spent 151 gold pieces at shops.

Inventory:

Hand Weapons
 h - the +10 war axe of Beoqez (weapon) {protect, rF+ Int+3}
   (You found it on level 9 of the Dungeon)

   It grants its wielder temporary protection when it strikes (+7 to AC).
   Int:       It affects your intelligence (+3).
   rF:        It protects you from fire.
 T - a +0 broad axe of freezing
Missiles
 B - 4 throwing nets (quivered)
 F - 6 boomerangs of dispersal
 J - 6 datura-tipped darts
 Y - 4 silver javelins
Armour
 c - a +0 kite shield (worn)
 u - a +0 cloak (worn)
 H - a +0 pair of boots (worn)
 L - a +3 scale mail of poison resistance (worn)
Jewellery
 b - an amulet of regeneration (around neck)
 f - the ring "Panarr" {*Corrode rF+ Str+3 Int+6 Dex+6}
   (You found it in a Gauntlet)

   [ring of intelligence]

   Str:       It affects your strength (+3).
   Int:       It affects your intelligence (+6).
   Dex:       It affects your dexterity (+6).
   rF:        It protects you from fire.
   *Corrode:  It may corrode you when you take damage.
 i - the ring of Day {Fire rN+ rCorr Str+4 Stlth+}
   (You found it in a Gauntlet)

   [ring of fire]

   It enhances your fire magic.
   Str:       It affects your strength (+4).
   rF:        It protects you from fire.
   rC:        It makes you vulnerable to cold.
   rN:        It protects you from negative energy.
   rCorr:     It protects you from acid and corrosion.
   Stlth:     It makes you more stealthy.
 o - a ring of see invisible (left hand)
 w - a ring of resist corrosion
 A - a ring of willpower
 U - a +4 ring of slaying (right hand)
 W - a +6 ring of intelligence
Wands
 k - a wand of paralysis (4)
 t - a wand of flame (23)
 v - a wand of charming (12)
 I - a wand of digging (3)
 M - a wand of iceblast (9)
Scrolls
 d - a scroll of immolation {unknown}
 g - 4 scrolls of fog
 m - 4 scrolls of enchant armour
 n - 11 scrolls of teleportation
 q - 3 scrolls of enchant weapon {unknown}
 s - 5 scrolls of vulnerability
 y - 3 scrolls of blinking {unknown}
 z - a scroll of summoning
 E - a scroll of silence {unknown}
 G - 2 scrolls of amnesia {unknown}
 O - 3 scrolls of torment {unknown}
 Z - a scroll of magic mapping
Potions
 e - 3 potions of attraction
 j - 2 potions of cancellation
 l - 3 potions of resistance
 p - a potion of invisibility
 r - 2 potions of magic
 C - 5 potions of curing
 D - 3 potions of flight
 K - 3 potions of might
 N - 4 potions of brilliance
 R - a potion of mutation
 S - a potion of ambrosia {unknown}
 V - a potion of berserk rage
 X - a potion of lignification
Miscellaneous
 P - a condenser vane


   Skills:
 + Level 14.2 Fighting
 + Level 18.6 Axes
 + Level 0.3 Throwing
 + Level 12.0 Armour
 + Level 6.1 Dodging
 - Level 2.0 Stealth
 + Level 10.9 Shields
 * Level 12.8 Invocations
 + Level 2.2 Evocations


You had 12 spell levels left.
You knew the following spells:

 Your Spells              Type           Power      Damage    Failure   Level
a - Foxfire               Conj/Fire      0%         2x1d4     83%         1
b - Freeze                Ice            0%         1d3       83%         1

Your spell library contained the following spells:

 Spells                   Type           Power      Damage    Failure   Level
 Apportation              Tloc           0%         N/A       83%         1
 Magic Dart               Conj           0%         1d3       83%         1
 Call Imp                 Summ           0%         N/A       92%         2
 Corpse Rot               Necr/Air       0%         N/A       92%         2
 Ensorcelled Hibernation  Hex/Ice        0%         N/A       92%         2
 Passwall                 Tmut/Erth      0%         N/A       92%         2
 Poisonous Vapours        Pois/Air       0%         N/A       92%         2
 Conjure Flame            Conj/Fire      0%         6-21      99%         3
 Frozen Ramparts          Ice            0%         1d2       99%         3
 Gell's Gravitas          Tloc           0%         N/A       99%         3
 Inner Flame              Hex/Fire       0%         N/A       99%         3
 Lesser Beckoning         Tloc           0%         N/A       99%         3
 Mephitic Cloud           Conj/Pois/Air  0%         N/A       99%         3
 Swiftness                Air            0%         N/A       99%         3
 Teleport Other           Tloc           0%         N/A       99%         3
 Dispel Undead            Necr           0%         3d6       100%        4
 Flame Wave               Conj/Fire      0%         2d4       100%        4
 Hailstorm                Conj/Ice       0%         3d3       100%        4
 Ice Form                 Ice/Tmut       0%         N/A       100%        4
 Petrify                  Tmut/Erth      0%         N/A       100%        4
 Alistair's Intoxication  Tmut/Pois      0%         N/A       100%        5
 Blade Hands              Tmut           0%         N/A       100%        5
 Irradiate                Conj/Tmut      0%         3d13      100%        5
 Metabolic Englaciation   Hex/Ice        0%         N/A       100%        5
 Summon Forest            Summ/Tloc      0%         N/A       100%        5
 Summon Mana Viper        Hex/Summ       0%         N/A       100%        5
 Death Channel            Necr           0%         N/A       100%        6
 Simulacrum               Ice/Necr       0%         N/A       100%        6
 Statue Form              Tmut/Erth      0%         N/A       100%        6
 Summon Cactus Giant      Summ           0%         N/A       100%        6
 Dragon Form              Tmut           0%         N/A       100%        7


Dungeon Overview and Level Annotations

Branches:
Dungeon (15/15)            Temple (1/1) D:7            Lair (3/6) D:9
 Shoals (0/4) Lair:3          Orc (2/2) D:10         Vaults (0/5) D:14
 Depths (0/4) D:15        Gauntlet (visited)
  Snake: Lair:2-4    Spider: Lair:2-4       Elf: Orc:2

Altars:
Ashenzari
Cheibriados
Dithmenos
Elyvilon
Fedhas
Gozag
Hepliaklqana
Kikubaaqudgha
Makhleb
Nemelex Xobeh
Okawaru
Qazlal
Ru
Sif Muna
Trog
Uskayaw
Vehumet
Wu Jian
Xom
Yredelemnul
Zin
The Shining One

Shops:
D:3 :*[*(   D:6 :

Annotations:
Orc:1 Donald


Message History

Qazlal accepts your kill. You block the troll's attack.
The troll claws you but does no damage. You block the troll's attack.
Something hits you.
You slash the troll!
You kill the troll!
Qazlal accepts your kill.
The troll leather armour is intact enough to wear.
You hit something but do no damage. Something hits you!!
* * * LOW HITPOINT WARNING * * *
Something hits you!
* * * LOW HITPOINT WARNING * * *
You feel much better. You block something's attack.
You're wearing all the rings you can.
Remove which one? (? for menu, Esc to cancel) < or
A - a ring of willpower; > or
U - a +4 ring of slaying You remove your ring of willpower.
Something hits you but does no damage.
Reactivating autopickup.
o - a ring of see invisible (left hand) Donald says, "What was that?
Sorry, I couldn't hear you over all this noise."
Donald closely misses you.
Aiming: Paralyse
Press: ? - help, Shift-Dir - straight line, f - Donald
Aim: Donald, wielding a +0 scimitar, wearing a +2 plate armour of cold resistance and wearing a +0 kite shield of reflection (lightly wounded, fast, strong, slightly transparent, chance to affect: 3%)
Okay, then.
Unknown command.
You feel very mighty all of a sudden. Donald barely misses you.
Okay, then.
Unknown command.
Press: ? - help, v - describe, . - travel
Here: Donald, wielding a +0 scimitar, wearing a +2 plate armour of cold resistance and wearing a +0 kite shield of reflection (fast, strong, slightly transparent)
A stone staircase leading down, spattered with blood.
Okay, then.
Unknown command.
You feel yourself speed up. Donald hits you with a +0 scimitar!!
* * * LOW HITPOINT WARNING * * *
You feel more protected from physical attacks.
Donald barely misses you.
You feel much better. Donald hits you with a +0 scimitar!!
You die...

#...# ##.............. ....#
##.......##.... ...##
##.....###.... ...###
###>......##...# .....##
#..........)#..# ##....#
###...###......#.# #.....###
##......###....#### #....##.#
##.#.....##.....# #..###..##
##○§@###...#.....#
....##...####.☼)@)#.........##
..##.......##.§☼)..#......###
..#........)...)............#
.###..#.....................##
#....###.......#......####...#
....#####.....###....######..##
#.#....#......###....###.#....#
####..##.......#...#..#......##


You could see Donald (fast, strong, invisible).

Vanquished Creatures
  A frost giant (D:15)
  A minotaur (Gauntlet)
  The ghost of Oluanan the Fighter, a journeyman DsFi of Hepliaklqana (Lair:3)
  A fire dragon (D:15)
  Harold (D:11)
  A catoblepas (Gauntlet)
  4 vault guards (D:14)
  4 hydras
  A death knight (D:13)
  6 two-headed ogres
  6 centaur warriors
  5 tengu warriors
  A skeletal warrior (D:13)
  A glowing orange brain (Gauntlet)
  9 ugly things
  A harpy (shapeshifter) (D:14)
  8 cyclopes
  3 deep elf pyromancers
  An oklob plant (Lair:3)
  An orc sorcerer (Orc:1)
  A black mamba (Lair:3)
  A worldbinder (Gauntlet)
  3 elephants (Lair:3)
  2 gargoyles
  2 minotaur zombies (Gauntlet)
  6 cane toads
  A cane toad (shapeshifter) (D:13)
  5 yaktaurs (D:15)
  2 freezing wraiths
  2 efreet
  5 komodo dragons
  3 tengu conjurers
  6 trolls
  A polar bear (Lair:1)
  A hornet (D:9)
  9 blink frogs (Lair:1)
  3 flying skulls (Gauntlet)
  19 slime creatures
  A spriggan (shapeshifter) (D:9)
  2 water elementals (D:14)
  A vampire (D:14)
  A wyvern (D:10)
  27 yaks
  3 fire elementals (Gauntlet)
  Sigmund (D:3)
  4 wraiths
  3 shadows
  5 basilisks
  2 steam dragons
  5 vampire mosquitoes
  A hell hound (Gauntlet)
  2 acid dragons (D:11)
  A warg (Orc:1)
  9 water moccasins
  8 orc warriors
  2 ice beasts
  2 necrophages
  2 sky beasts
  2 boggarts (Gauntlet)
  A hornet zombie (D:5)
  5 ogres (Orc:1)
  9 centaurs
  20 wolves
  Blork the orc (D:5)
  3 kobold brigands
  5 gnoll sergeants
  7 bullfrogs
  8 scorpions
  6 killer bees
  11 wights
  8 electric eels
  2 howler monkeys
  An iron imp (D:12)
  7 orc priests
  Crazy Yiuf (D:3)
  2 centaur skeletons
  7 centaur zombies
  A gnoll shaman (Orc:1)
  A jelly (D:7)
  Ijyb (D:3)
  An iguana (D:5)
  18 orc wizards
  3 killer bee zombies
  4 howler monkey zombies
  23 gnolls
  9 adders
  A howler monkey skeleton (D:5)
  A shadow imp (D:7)
  An ufetubus (D:6)
  2 worms (D:2)
  4 dart slugs
  63 orcs
  5 ball pythons
  13 bats
  8 endoplasms
  4 giant cockroaches
  4 goblins
  4 hobgoblins
  3 jackals (D:1)
  4 quokkas
  8 kobolds
  3 rats
506 creatures vanquished.

Vanquished Creatures (others)
  An orc wizard (D:7)
  A howler monkey zombie (D:8)
  17 fungi
  12 plants
31 creatures vanquished.

Grand Total: 537 creatures vanquished

Notes
Turn   | Place    | Note
-------+----------+-------------------------------------------
     0 | D:1      | Minsecho the Hill Orc Fighter began the quest for the Orb.
     0 | D:1      | Reached XP level 1. HP: 19/19 MP: 1/1
   129 | D:1      | Reached XP level 2. HP: 23/27 MP: 2/2
   204 | D:1      | Reached skill level 3 in Axes
   968 | D:2      | Found a faded altar of an unknown god.
   977 | D:2      | Reached XP level 3. HP: 33/33 MP: 3/3
  1236 | D:2      | Reached skill level 4 in Axes
  1743 | D:3      | Reached XP level 4. HP: 25/40 MP: 4/4
  1780 | D:3      | Reached skill level 5 in Axes
  1926 | D:3      | Found Durof's Book Shop.
  2092 | D:3      | Noticed a kobold brigand
  2099 | D:3      | Killed a kobold brigand
  2100 | D:3      | Reached XP level 5. HP: 39/46 MP: 5/5
  2164 | D:3      | Found Sinn's General Store.
  2173 | D:3      | Bought a scroll of teleportation for 33 gold pieces
  2173 | D:3      | Bought a scroll of magic mapping for 38 gold pieces
  2173 | D:3      | Bought 2 scrolls of identify for 44 gold pieces
  2212 | D:3      | Found Capin's Antique Armour Boutique.
  2392 | D:3      | Found Odarur's Weapon Boutique.
  2431 | D:3      | Found Hijyu's General Store.
  2437 | D:3      | Bought a potion of curing for 36 gold pieces
  2592 | D:3      | Noticed Sigmund
  2603 | D:3      | Killed Sigmund
  2604 | D:3      | Reached skill level 6 in Axes
  2604 | D:3      | Reached XP level 6. HP: 41/53 MP: 6/6
  2687 | D:3      | Found a runed translucent door.
  2688 | D:3      | Noticed Crazy Yiuf
  2784 | D:3      | Found a hazy altar of Hepliaklqana.
  2800 | D:3      | Noticed Ijyb
  2810 | D:3      | Killed Ijyb
  3265 | D:3      | Killed Crazy Yiuf
  3266 | D:3      | Reached skill level 1 in Stealth
  3646 | D:4      | Reached XP level 7. HP: 60/60 MP: 7/7
  3784 | D:5      | Entered Level 5 of the Dungeon
  3906 | D:5      | Reached skill level 7 in Axes
  3913 | D:5      | Noticed Blork the orc
  3925 | D:5      | Killed Blork the orc
  4031 | D:5      | Reached skill level 1 in Dodging
  4084 | D:5      | Reached skill level 5 in Armour
  4534 | D:5      | Reached skill level 5 in Fighting
  4534 | D:5      | Reached skill level 8 in Axes
  4534 | D:5      | Reached XP level 8. HP: 64/68 MP: 8/8
  4765 | D:6      | Found Oriapnym's Book Boutique.
  4828 | D:6      | Noticed a yak
  4828 | D:6      | Noticed a yak
  4840 | D:6      | Killed a yak
  4841 | D:6      | Reached skill level 9 in Axes
  4905 | D:6      | Noticed a yak
  4907 | D:6      | Noticed a yak
  4907 | D:6      | Noticed a yak
  4921 | D:6      | Noticed a yak
  4931 | D:6      | Killed a yak
  4940 | D:6      | Killed a yak
  4942 | D:6      | Killed a yak
  4943 | D:6      | Reached skill level 10 in Axes
  4950 | D:6      | Killed a yak
  4951 | D:6      | Reached XP level 9. HP: 51/75 MP: 9/9
  5287 | D:6      | Noticed a four-headed hydra
  5513 | D:6      | Reached skill level 11 in Axes
  5513 | D:6      | Reached skill level 5 in Shields
  5655 | D:6      | Identified the +9 dagger "Leka" {flame, Fly rF+}
  5742 | D:6      | HP: 4/117 [four-headed hydra (7)]
  5743 | D:6      | Killed a four-headed hydra
  6826 | D:7      | Reached skill level 12 in Axes
  7113 | D:7      | Found a staircase to the Ecumenical Temple.
  7118 | Temple   | Entered the Ecumenical Temple
  7392 | Temple   | Became a worshipper of Qazlal Stormbringer
  7465 | D:7      | Reached XP level 10. HP: 71/86 MP: 10/10
  7562 | D:7      | Identified the +3 ring mail of Eruug {Harm Drain rF- Int+7}
  7577 | D:7      | Reached skill level 1 in Invocations
  8242 | D:8      | Reached * piety under Qazlal
  9220 | D:8      | Reached skill level 13 in Axes
  9601 | D:9      | Noticed a two-headed ogre
  9611 | D:9      | Killed a two-headed ogre
  9825 | D:9      | Found a staircase to the Lair.
  9908 | D:9      | Noticed a two-headed ogre
  9929 | D:9      | Killed a two-headed ogre
  9938 | D:9      | Reached XP level 11. HP: 49/95 MP: 14/14
  9949 | D:9      | Reached skill level 5 in Invocations
 10316 | D:9      | Reached skill level 1 in Evocations
 11234 | D:9      | Reached ** piety under Qazlal
 11235 | D:9      | Reached skill level 14 in Axes
 11653 | D:9      | Noticed a two-headed ogre
 11663 | D:9      | Killed a two-headed ogre
 12073 | D:9      | Noticed a two-headed ogre
 12314 | D:9      | Identified the +10 war axe of Beoqez {protect, rF+ Int+3}
 12333 | D:9      | Killed a two-headed ogre
 12682 | D:10     | Entered Level 10 of the Dungeon
 12685 | D:10     | Learned a level 1 spell: Foxfire
 12687 | D:10     | Learned a level 1 spell: Freeze
 13091 | D:10     | Reached *** piety under Qazlal
 13686 | D:10     | Found a staircase to the Orcish Mines.
 14243 | D:11     | Noticed Harold
 14249 | D:11     | Killed Harold
 14250 | D:11     | Reached skill level 10 in Fighting
 14250 | D:11     | Reached skill level 15 in Axes
 14250 | D:11     | Reached XP level 12. HP: 106/106 MP: 17/17
 15051 | D:12     | Reached **** piety under Qazlal
 15052 | D:12     | Reached skill level 10 in Armour
 15734 | D:12     | Found a snail-covered altar of Cheibriados.
 15837 | D:12     | Noticed a two-headed ogre
 15842 | D:12     | Killed a two-headed ogre
 15843 | D:12     | Reached skill level 16 in Axes
 16325 | D:12     | Identified the +6 flail "Bushitz" {venom, Contam rCorr
                  | Str+10 Dex-4}
 16367 | D:13     | Noticed a tengu warrior
 16382 | D:13     | Killed a tengu warrior
 16396 | D:13     | Noticed a tengu warrior
 16411 | D:13     | Killed a tengu warrior
 16556 | D:13     | Found a gate leading to a gauntlet.
 16566 | Gauntlet | Entered a Gauntlet
 16566 | Gauntlet | Found a transporter.
 16700 | Gauntlet | Found a transporter.
 16704 | Gauntlet | Found a transporter.
 16712 | Gauntlet | Found a transporter.
 16716 | Gauntlet | Found a transporter.
 16722 | Gauntlet | Noticed a catoblepas
 16724 | Gauntlet | Found a transporter.
 16728 | Gauntlet | Found a transporter.
 16736 | Gauntlet | Found a transporter.
 16740 | Gauntlet | Found a transporter.
 16751 | Gauntlet | Found a transporter.
 16771 | Gauntlet | Found a transporter.
 16783 | Gauntlet | Found a transporter.
 16796 | Gauntlet | Found a transporter.
 16809 | Gauntlet | Found a transporter.
 16846 | Gauntlet | Identified the ring of Day {Fire rN+ rCorr Str+4 Stlth+}
 16910 | Gauntlet | Killed a catoblepas
 16911 | Gauntlet | Reached XP level 13. HP: 105/116 MP: 19/19
 17338 | Gauntlet | Found the +3 robe of Clouds {*Thunder rCloud rElec}
 17338 | Gauntlet | Identified the +7 trident of Vyephatruy {vorpal, rElec rC++
                  | SInv Stlth-}
 17338 | Gauntlet | Noticed a minotaur
 17351 | Gauntlet | Killed a minotaur
 17356 | Gauntlet | Identified the ring "Panarr" {*Corrode rF+ Str+3 Int+6
                  | Dex+6}
 17424 | Gauntlet | Reached skill level 17 in Axes
 17461 | D:13     | Reached skill level 5 in Dodging
 17639 | D:13     | Reached skill level 10 in Invocations
 17647 | D:13     | Identified the +4 ring mail of Kihanive {Harm rC- Str+8
                  | Int+2}
 18090 | D:14     | Reached ***** piety under Qazlal
 18209 | D:14     | Noticed a vault guard
 18210 | D:14     | Noticed a vault guard
 18213 | D:14     | Noticed a vault guard
 18217 | D:14     | Noticed a vault guard
 18221 | D:14     | Killed a vault guard
 18223 | D:14     | Killed a vault guard
 18227 | D:14     | Killed a vault guard
 18231 | D:14     | Killed a vault guard
 18232 | D:14     | Reached XP level 14. HP: 62/127 MP: 13/22
 18325 | D:14     | Found a gate to the Vaults.
 19090 | D:14     | Identified the +10 falchion "Roemnopn" {protect, rN+ rCorr
                  | Str+3 Int+4}
 19101 | D:15     | Entered Level 15 of the Dungeon
 19523 | D:15     | Reached skill level 18 in Axes
 19575 | D:15     | Found a staircase to the Depths.
 19576 | D:15     | Noticed a frost giant
 19587 | D:15     | Killed a frost giant
 20025 | D:15     | Reached skill level 10 in Shields
 20428 | Lair:1   | Entered Level 1 of the Lair of Beasts
 21709 | Lair:2   | Identified the +7 hunting sling of the Pure Violins {flame,
                  | Will+ Int+4 Dex+3}
 22128 | Lair:3   | Found a staircase to the Shoals.
 22260 | Lair:3   | Found a runed translucent gate.
 22261 | Lair:3   | Found a runed translucent gate.
 22262 | Lair:3   | Found a runed translucent gate.
 22262 | Lair:3   | Noticed Oluanan's ghost (journeyman DsFi)
 22710 | Lair:3   | Reached XP level 15. HP: 138/138 MP: 24/24
 23079 | Lair:3   | Killed Oluanan's ghost
 23314 | Orc:1    | Entered Level 1 of the Orcish Mines
 23587 | Orc:2    | Entered Level 2 of the Orcish Mines
 23587 | Orc:2    | Noticed Donald
 23593 | Orc:2    | Noticed an orc warlord
 23610 | Orc:1    | Slain by Donald

Illustrated notes

Levels and vault maps discovered:
D:1:      lightli_arrival_boilingwater, layout_basic
D:2:      layout_basic, hellmonk_ecumenical_altar_lost_god
D:3:      layout_loops_corners, lemuel_crystal_altar, serial_shops,
          nicolae_shop_behind_doors, shop, nicolae_shop_advertising_works
          [nicolae_subvault_shop_adworks], nicolae_shop_waterfront, shop,
          uniq_crazy_yiuf_cottage, uniq_ijyb, uniq_sigmund
D:4:      layout_rooms
D:5:      layout_rooms, uniq_blork_the_orc
D:6:      layout_loops_ring, nicolae_stop_n_shop_1,
          minmay_misc_feat_four_crosses, minmay_fractal_squares_5
D:7:      layout_basic, temple_doors_e
D:8:      old_forge, layout_cave_pools
D:9:      minmay_imperfect_grid, layout_loops_ring, minivault_21
D:10:     layout_irregular_city, hiddenorc1_lemuel, nicolae_water_bricks
D:11:     layout_stronghold, chequers_serial_rivers_marsh, uniq_harold
D:12:     layout_irregular_city, nicolae_concentric_dashed_squares_mild,
          chei_slow_surprise
D:13:     layout_basic, gauntlet_entry_generic
D:14:     layout_irregular_city, lightli_vaults_fourway_checkpoint,
          dk_noncrumbling_3, corexii_corridor_pit, chequers_big_river
D:15:     grunt_enter_depths_snipers, layout_irregular_city, roderic_lattice_a
Temple:   mainiacjoe_temple_hex_bubbles
Lair:1:   layout_regular_city, infiniplex_staircase_pool_2, grunt_megastairs_2
Lair:2:   layout_cave_pods, serial_bayou_shore_b
Lair:3:   layout_gridlike, elwin_shoals_entry_rocks, ebering_ghost_rock_garden,
          infiniplex_staircase_pool
Orc:1:    layout_diamond_mine
Orc:2:    st_orc_town, layout_caves, uniq_urug, uniq_donald

Skill      XL: |  1  2  3  4  5  6  7  8  9 10 11 12 13 14 15 |
---------------+----------------------------------------------+-----
Axes           | 3 4 5 6 8 10 12 13 15 16 17 18 | 18.6
Fighting       | 4 5 6 7 8 10 11 12 14 | 14.2
Shields        | 4 5 7 9 10 | 10.9
Armour         | 4 5 6 7 8 9 10 11 12 | 12.0
Stealth        | 1 2 |  2.0
Dodging        | 1 2 3 4 5 6 |  6.1
Invocations    | 4 7 9 11 12 | 12.8
Evocations     | 1 2 |  2.2
Throwing       | |  0.3

Action                   |  1- 3 |  4- 6 |  7- 9 | 10-12 | 13-15 || total
-------------------------+-------+-------+-------+-------+-------++-------
Melee: War axe           |    75 |   101 |   263 |   385 |   511 ||  1335
       Dagger            |       |       |    11 |       |       ||    11
       Hand axe          |       |       |       |   300 |       ||   300
Throw: Throwing net      |       |       |       |     1 |     1 ||     2
Invok: Upheaval          |       |       |       |       |    11 ||    11
Evoke: Wand              |       |       |       |    19 |     8 ||    27
  Use: Scroll            |     3 |     4 |     3 |     5 |     8 ||    23
       Potion            |       |       |     2 |     1 |     4 ||     7
 Stab: Paralysed         |       |       |       |     2 |       ||     2
       Held in net/web   |       |       |       |       |     3 ||     3
Armor: Scale mail        |    22 |    40 |   109 |   231 |   175 ||   577
Dodge: Dodged            |    47 |    35 |   104 |   250 |   175 ||   611
       Repelled          |       |       |       |       |     3 ||     3
Block: Buckler           |    20 |    16 |    48 |   226 |    90 ||   400
       Kite shield       |       |       |       |       |   261 ||   261
